Map: Dusk Towers

Players

Secant - Winner!

  • Race: Terran Terran
  • League: Gold

TuuSAmo

  • Race: Zerg Zerg
  • League: Bronze

VOD

Have the link to the VOD?

Description

Time

  • Played on: Dec. 3, 2015, 7:30 p.m.
  • Length: 7:14
Show
View Real Time Build Order
Export as new Build Order

Secant Terran - Winner!

Build Orders: Command Center First (CC) 

Get SALT Encoding   

  12  0:02  SCV  
  13  0:19  SCV, Supply Depot  
  14  0:31  SCV  
  15  0:43  SCV  
  16  0:55  SCV  
  17  1:04  Command Center  
  17  1:17  SCV, Barracks  
  18  1:27  Refinery  
  18  1:32  Refinery  
  18  1:33  SCV  
  19  1:42  Supply Depot  
  19  1:46  SCV  
  20  1:58  SCV  
  21  2:09  Marine  
  21  2:10  SCV  
  23  2:17  SCV  
  23  2:18  Refinery  
  24  2:22  Orbital Command  
  24  2:27  Marine  
  25  2:40  Factory  
  25  2:43  SCV  
  26  2:55  Orbital Command  
  26  2:56  Marine  
  27  3:02  SCV  
  28  3:14  SCV  
  29  3:21  SCV  
  29  3:24  Marine  
  29  3:26  SCV  
  32  3:32  Factory Tech Lab  
  32  3:42  Marine  
  33  3:52  Starport  
  33  3:53  SCV  
  33  3:54  SCV  
  33  3:55  Starport  
  35  3:56  Starport  
  35  3:57  Siege Tank  
  38  4:05  SCV  
  39  4:10  Supply Depot  
  39  4:13  SCV, Supply Depot  
  39  4:16  Supply Depot  
  40  4:21  Engineering Bay  
  40  4:27  Barracks Reactor  
  40  4:35  Starport Tech Lab  
  40  4:36  Starport Tech Lab x2  
  42  4:40  Siege Tank  
  42  4:41  SCV x2  
  45  4:53  SCV x2  
  45  4:57  Banshee x3  
  56  5:01  Cloaking Field  
  56  5:11  SCV x2  
  56  5:12  Refinery  
  58  5:16  Supply Depot  
  58  5:20  Supply Depot  
  58  5:25  Missile Turret  
  58  5:29  Missile Turret  
  58  5:33  SCV x2, Missile Turret  
  60  5:39  Banshee x2  
  66  5:43  Banshee  
  69  5:54  SCV x2  
  71  5:59  Missile Turret  
  71  6:00  Missile Turret  
  71  6:06  SCV x2, Fusion Core, Liberator  
  73  6:12  Siege Tank  
Show
View Real Time Build Order
Export as new Build Order

TuuSAmo Zerg 

Build Orders: Pool First 

Get SALT Encoding   

  12  0:01  Drone  
  13  0:10  Drone  
  14  0:17  Overlord  
  14  0:36  Drone x3  
  17  0:48  Drone, Spawning Pool  
  17  1:12  Hatchery  
  16  1:20  Extractor  
  16  1:21  Drone x2  
  17  1:34  Drone x2  
  17  1:37  Queen  
  21  1:54  Zergling x2  
  21  1:56  Overlord  
  22  2:15  Hatchery  
  21  2:25  Drone x3  
  24  2:37  Drone x2  
  24  2:41  Queen  
  28  2:49  Lair  
  28  2:56  Extractor  
  27  3:01  Drone x3  
  27  3:04  Drone x2  
  32  3:11  Drone  
  33  3:29  Overlord x2  
  33  3:39  Drone  
  34  3:55  Drone x2, Roach Warren  
  36  4:01  Drone x2  
  36  4:02  Drone  
  38  4:05  Drone x3, Queen  
  43  4:14  Drone x3  
  46  4:23  Burrow  
  46  4:26  Drone  
  47  4:40  Evolution Chamber  
  47  4:43  Zergling x6  
  47  4:44  Evolution Chamber  
  48  4:51  Extractor  
  47  4:53  Drone, Extractor  
  47  4:54  Drone x3  
  47  4:56  Overlord x4  
  50  5:03  Metabolic Boost  
  50  5:21  Drone x5  
  55  5:32  Drone x3  
  55  5:33  Drone x2  
  60  5:36  Glial Reconstitution  
  60  5:38  Roach x2  
  60  5:39  Roach x6  
  60  5:40  Roach x2  
  80  6:10  Drone x2  
  80  6:11  Spire  
  81  6:12  Overlord x7  
  81  6:24  Ravager  
  82  6:28  Overlord x2  
  82  6:37  Overseer  
  73  6:48  Roach x2  
  73  6:49  Roach x4  
Tags
 
Add a new tag
Caveats
  • Supply blocks, unpowered buildings, or Contaminate may cause inaccurate times.
  • Supply counts are checked every 10 seconds.